Map: Prion Terraces

Players

MǂForGG

  • Race: Terran Terran
  • League: Master

Adonminus - Winner!

  • Race: Protoss Protoss
  • League: Master

VOD

Have the link to the VOD?

Description

Time

  • Played on: Nov. 15, 2015, 4:24 a.m.
  • Length: 6:07
Show
View Real Time Build Order
Export as new Build Order

MǂForGG Terran 

Build Orders: Reaper Expand 

Get SALT Encoding   

  12  0:02  SCV  
  13  0:14  SCV  
  13  0:18  Supply Depot  
  14  0:26  SCV  
  15  0:39  SCV  
  15  0:40  Barracks  
  16  0:45  Refinery  
  16  0:51  SCV  
  17  1:04  SCV  
  18  1:16  SCV  
  19  1:28  Reaper, Orbital Command  
  20  1:42  Command Center  
  20  1:51  Supply Depot  
  20  1:54  SCV  
  21  2:02  Refinery  
  21  2:06  SCV, Barracks Reactor  
  22  2:18  SCV  
  23  2:26  Factory  
  23  2:27  Barracks  
  23  2:30  SCV  
  23  2:42  SCV  
  23  2:43  Marine  
  23  2:44  Marine  
  26  2:53  Orbital Command  
  26  2:54  SCV  
  27  3:01  Marine x2  
  29  3:06  SCV  
  29  3:10  Widow Mine  
  32  3:14  Starport  
  32  3:15  Barracks Tech Lab  
  32  3:19  Marine  
  33  3:26  SCV x2  
  34  3:34  Marine x2  
  34  3:35  Stimpack  
  34  3:36  Marine  
  34  3:39  Widow Mine  
  39  3:42  SCV x2  
  39  3:46  Supply Depot  
  41  3:50  Medivac  
  43  3:57  Marine x2  
  43  3:58  Marine  
  46  4:04  Barracks  
  46  4:10  SCV x2  
  46  4:12  Factory Reactor  
  46  4:16  Refinery  
  48  4:21  Medivac  
  50  4:24  Marine  
  50  4:25  Marine x2  
  50  4:30  SCV  
  54  4:34  Supply Depot  
  54  4:35  Supply Depot  
  54  4:43  SCV x2  
  54  4:44  Engineering Bay  
  56  4:49  Marine x2  
  56  4:52  Marine  
  59  5:05  Medivac x2  
  61  5:07  SCV x2  
  61  5:12  Marine x3  
  64  5:35  Marine x2  
  64  5:36  Marine x2  
  68  5:45  Factory Reactor  
  68  5:52  Supply Depot  
  68  5:56  Supply Depot  
Show
View Real Time Build Order
Export as new Build Order

Adonminus Protoss - Winner!

Build Orders: 1 Gate Expand, Phoenix Opening 

Get SALT Encoding   

  12  0:01  Probe (Chrono Boost)  
  13  0:12  Probe (Chrono Boost)  
  14  0:19  Pylon  
  14  0:22  Probe (Chrono Boost)  
  15  0:29  Assimilator  
  15  0:37  Probe (Chrono Boost)  
  16  0:42  Gateway  
  16  0:48  Probe (Chrono Boost)  
  17  0:58  Probe (Chrono Boost)  
  18  1:09  Probe (Chrono Boost)  
  19  1:19  Probe (Chrono Boost)  
  20  1:29  Cybernetics Core  
  20  1:31  Probe (Chrono Boost)  
  21  1:39  Nexus  
  21  1:42  Probe (Chrono Boost)  
  22  1:48  Assimilator  
  22  1:53  Pylon  
  22  1:56  Probe (Chrono Boost)  
  23  2:12  Mothership Core (Chrono Boost)  
  23  2:13  Adept  
  27  2:28  Stargate  
  27  2:30  Probe (Chrono Boost)  
  28  2:40  Probe (Chrono Boost), Warp Gate  
  29  2:48  Pylon  
  29  2:51  Probe (Chrono Boost)  
  29  2:52  Probe (Chrono Boost)  
  31  3:02  Probe x2 (Chrono Boost)  
  31  3:05  Gateway  
  33  3:06  Adept  
  36  3:13  Probe x2 (Chrono Boost)  
  36  3:19  Phoenix  
  39  3:23  Probe (Chrono Boost)  
  40  3:33  Pylon, Robotics Facility  
  40  3:37  Gateway  
  40  3:39  Probe (Chrono Boost)  
  41  3:43  Assimilator  
  41  3:49  Phoenix  
  41  3:53  Adept x2  
  47  3:57  Probe x2 (Chrono Boost)  
  47  4:01  Pylon  
  49  4:07  Probe (Chrono Boost)  
  50  4:11  Probe (Chrono Boost)  
  50  4:14  Phoenix  
  53  4:18  Probe (Chrono Boost)  
  55  4:31  Observer  
  55  4:36  Probe (Chrono Boost), Forge  
  55  4:38  Gateway  
  56  4:39  Gateway, Phoenix  
  56  4:43  Pylon  
  56  4:44  Pylon  
  59  4:52  Observer  
  59  4:53  Assimilator  
  59  4:54  Probe x2 (Chrono Boost)  
  59  4:56  Adept x2  
  65  5:05  Probe (Chrono Boost)  
  66  5:07  Probe (Chrono Boost)  
  66  5:08  Phoenix  
  66  5:14  Observer  
  70  5:21  Nexus  
  70  5:28  Probe x2 (Chrono Boost)  
  72  5:38  Probe (Chrono Boost)  
  77  5:46  Adept x3  
  77  5:47  Adept  
  85  5:50  Pylon  
  85  5:51  Pylon  
Tags
 
Add a new tag
Caveats
  • Supply blocks, unpowered buildings, or Contaminate may cause inaccurate times.
  • Supply counts are checked every 10 seconds.